 Dungeon Crawl Stone Soup version 0.13-a0-2960-g2f00e6d (webtiles) character file.

5825 PolkaDot the Frost Mage (level 10, 0/61 HPs)
             Began as a Vampire Wizard on Sept 6, 2013.
             Was an Elder of Vehumet.
             Slain by a yak (9 damage)
             ... on Level 9 of the Dungeon.
             The game lasted 01:07:53 (10197 turns).

PolkaDot the Frost Mage (Vampire Wizard)           Turns: 10197, Time: 01:07:53

HP   0/61        AC  6     Str  6      XL: 10   Next: 46%
MP   2/23        EV 12     Int 23      God: Vehumet [****..]
Gold 170         SH  0     Dex 12      Spells:  6 memorised,  7 levels left

Res.Fire  : + . .   See Invis. : +   s - +2 short sword
Res.Cold  : + . .   Warding    : .   N - +2 robe {rF+}
Life Prot.: . . .   Conserve   : .   (no shield)
Res.Poison: .       Res.Corr.  : .   b - +0 wizard hat
Res.Elec. : .       Clarity    : +   (no cloak)
Sust.Abil.: . .     Spirit.Shd : .   w - +0 pair of gloves
Res.Mut.  : .       Stasis     : .   T - +0 pair of boots {Stlth+}
Res.Rott. : .       Flight     : .   q - amulet of clarity
Saprovore : . . .                    z - ring of ice
                                     J - ring of protection from fire

@: regenerating quickly, somewhat resistant to hostile enchantments, quite
stealthy
A: bottle blood, fangs 3, see invisible, unbreathing
a: Bottle Blood, Renounce Religion


You were on level 9 of the Dungeon.
You worshipped Vehumet.
Vehumet was extremely pleased with you.
You were very full.

You visited 1 branch of the dungeon, and saw 10 of its levels.

You collected 401 gold pieces.
You spent 251 gold pieces at shops.

Inventory:

Hand weapons
 s - a +2,+2 short sword (weapon)
 t - a +0,+0 sabre of holy wrath
Armour
 b - a +0 wizard hat (worn)
 w - a +0 pair of gloves (worn)
 I - a +2 dwarven buckler
 N - a +2 robe of fire resistance (worn)
 T - a +0 pair of boots of stealth (worn)
Magical devices
 v - a wand of fireball (2)
 y - a wand of disintegration (14) {unknown}
 M - a wand of fire (9) {unknown}
 Q - a wand of lightning (6) {unknown}
Scrolls
 d - a scroll of fog
 i - a scroll of immolation {unknown}
 k - a scroll of enchant weapon II
 l - a scroll of remove curse
 n - 2 scrolls of magic mapping
 o - a scroll of curse jewellery
 p - a scroll of acquirement {unknown}
 A - a scroll of curse weapon {unknown}
 B - a scroll of fear {unknown}
 C - a scroll of amnesia {unknown}
 D - 2 scrolls of enchant armour {unknown}
 E - a scroll of enchant weapon III {unknown}
 G - a scroll of teleportation {unknown}
 O - 2 scrolls of identify
Jewellery
 j - an uncursed ring of protection from cold
 q - an amulet of clarity (around neck)
 z - a ring of ice (right hand)
 J - a ring of protection from fire (left hand)
Potions
 e - 2 potions of restore abilities
 f - 2 potions of magic
 g - 6 potions of curing
 h - a potion of confusion
 m - a potion of agility {unknown}
 r - 2 potions of paralysis
 u - 2 potions of flight {unknown}
 x - 2 potions of cure mutation {unknown}
 F - 7 potions of blood
 H - a potion of resistance {unknown}
 K - a potion of heal wounds
 L - a potion of might
 P - a potion of slowing {unknown}
 R - a potion of brilliance {unknown}
 S - a potion of mutation {unknown}
 U - a potion of poison {unknown}
 V - 2 potions of coagulated blood
Books
 a - a book of Battle

   Spells                             Type                      Level
   Infusion                           Charms                       1
   Shroud of Golubria                 Charms/Translocation         2
   Song of Slaying                    Charms                       2
   Spectral Weapon                    Hexes/Charms                 3
   Regeneration                       Charms/Necromancy            3
   Song of Shielding                  Charms                       4
 c - a book of Minor Magic

   Spells                             Type                      Level
   *Magic Dart                        Conjuration                  1
   Blink                              Translocation                2
   Call Imp                           Summoning                    2
   Repel Missiles                     Charms/Air                   2
   Slow                               Hexes                        2
   *Conjure Flame                     Conjuration/Fire             3
   *Mephitic Cloud                    Conjuration/Poison/Air       3


   Skills:
 - Level 2.1 Dodging
 - Level 3.0 Stealth
 - Level 5.0 Spellcasting
 - Level 6.4 Conjurations
 + Level 7.2 Hexes
   Level 1.0 Summonings
   Level 0.7 Translocations
 * Level 8.3 Ice Magic
 * Level 7.8 Air Magic


You had 7 spell levels left.
You knew the following spells:

 Your Spells              Type           Power        Failure   Level  Hunger
a - Sting                 Conj/Pois      ###.         1%          1    None
b - Dazzling Spray        Conj/Hex       #####...     1%          3    ##.....
d - Mephitic Cloud        Conj/Pois/Air  ####....     1%          3    ##.....
s - Conjure Flame         Conj/Fire      ##......     2%          3    ##.....
x - Freeze                Ice            ####         1%          1    None
z - Magic Dart            Conj           ####         1%          1    None


Dungeon Overview and Level Annotations

Branches:
Dungeon (10/27)            Temple (0/1) D:4             Orc (0/4) D:6
   Lair: D:8-13

Altars:
Cheibriados
Nemelex Xobeh
Okawaru
Sif Muna
Trog
Vehumet
Yredelemnul

Shops:
D:9 [


Innate Abilities, Weirdness & Mutations

Your natural rate of healing is unusually fast.
You can bottle blood from corpses.
You have razor-sharp teeth.*
You have supernaturally acute eyesight.
You can survive without breathing.*


Message History

The yak is engulfed in noxious fumes.
The yak closely misses you.
The orc wizard is engulfed in noxious fumes.
The orc wizard hits you but does no damage.
You completely miss the orc wizard.
The orc wizard is severely wounded.
The orc wizard looks more healthy.
The yak is engulfed in noxious fumes.
The yak appears confused.
The yak gores you!
* * * LOW HITPOINT WARNING * * *
The orc wizard is engulfed in noxious fumes.
The orc wizard hits you but does no damage.
Casting: Mephitic Cloud
Confirm with . or Enter, or press ? or * to list all spells.
Aiming: Sting
Press: ? - help, Shift-Dir - straight line, f - orc wizard
Aim: an orc wizard, wielding an orcish dagger and wearing an orcish robe (noxious fumes, almost dead)
The sting hits the orc wizard.
You kill the orc wizard!
Vehumet accepts your kill.
The yak is engulfed in noxious fumes.
The yak gores you!
You die...

#.....####.########### #.##..
#.....'.)............# #.##..
#.....####......####.###.##..
#.....# #.####.[........##..
#.....##############.######..
#.....#..............#(..##..
#.)...#.###########..#....#..
#####.....#.###########..#..<##..
...............ยง@Y............#..
###########.###########..#....#..
######## #.# #......#....#..
.......# #.# #.###.####.###'
######.# #.# #.##........##_ #.#
#.#######.##.#.###..### #.#
#..........#<....#...#. #.#
#.##########(#.#.##.##. #.# ###
#.#.#.#.....


You could see a yak (confused).

Vanquished Creatures
  Psyche (D:8)
  A two-headed ogre (D:9)
  A trapdoor spider zombie (D:9)
  A hippogriff (D:8)
  4 yaks (D:10)
  A hungry ghost (D:6)
  Edmund (D:8)
  The ghost of Bikalo the Cutter, an average KoBe of Trog (D:3)
  Menkaure (D:4)
  3 orc warriors (D:6)
  3 ice beasts
  4 sky beasts
  2 ogres
  2 black bears
  4 phantoms
  3 centaurs
  A crocodile (D:8)
  Sigmund (D:4)
  Blork the orc (D:6)
  2 giant frogs
  A troll zombie (D:6)
  A hippogriff skeleton (D:8)
  3 goliath beetles
  3 crimson imps
  A quasit (D:7)
  6 orc priests
  A giant frog zombie (D:6)
  4 hounds
  2 iguanas
  A giant frog skeleton (D:9)
  6 orc wizards
  A killer bee zombie (D:5)
  3 scorpions
  9 worker ants
  A sheep (D:6)
  Ijyb (D:4)
  5 ogre zombies (D:6)
  3 gnolls (D:5)
  12 adders
  An inept feature mimic (D:7)
  5 worms
  An adder zombie (D:5)
  3 giant geckos
  An ooze (D:1)
  18 orcs
  2 ball pythons
  16 bats
  16 goblins
  14 hobgoblins
  6 quokkas
  9 giant cockroaches
  10 giant newts
  A goblin zombie (D:6)
  5 hobgoblin skeletons (D:6)
  4 hobgoblin zombies (D:6)
  16 jackals
  15 kobolds
  2 kobold zombies
  An orc skeleton (D:8)
  11 orc zombies (D:6)
  15 rats
274 creatures vanquished.

Notes
Turn   | Place    | Note
--------------------------------------------------------------
     0 | D:1      | PolkaDot, the Vampire Wizard, began the quest for the Orb.
     0 | D:1      | Reached XP level 1. HP: 11/11 MP: 6/6
   133 | D:1      | Reached skill level 1 in Conjurations
   393 | D:1      | Reached XP level 2. HP: 17/17 MP: 6/8
  1065 | D:1      | Reached XP level 3. HP: 22/22 MP: 8/10
  1584 | D:2      | Found a radiant altar of Vehumet.
  1593 | D:2      | Became a worshipper of Vehumet
  1664 | D:2      | Reached XP level 4. HP: 28/28 MP: 9/12
  2115 | D:2      | Acquired Vehumet's first power
  2115 | D:2      | Offered knowledge of Freeze by Vehumet.
  2314 | D:3      | Learned a level 1 spell: Freeze
  2318 | D:3      | Learned a level 3 spell: Conjure Flame
  2322 | D:3      | Learned a level 3 spell: Mephitic Cloud
  2508 | D:3      | Reached skill level 1 in Ice Magic
  2629 | D:3      | Reached XP level 5. HP: 33/33 MP: 3/13
  2776 | D:3      | Noticed Bikalo's ghost (average KoBe)
  2904 | D:3      | Killed Bikalo's ghost
  2904 | D:3      | Reached skill level 4 in Conjurations
  2904 | D:3      | Reached XP level 6. HP: 27/39 MP: 10/15
  3034 | D:3      | Noticed a sky beast
  3047 | D:3      | Killed a sky beast
  3812 | D:4      | Noticed Ijyb
  3837 | D:4      | Killed Ijyb
  3837 | D:4      | Reached XP level 7. HP: 44/44 MP: 2/17
  3976 | D:4      | Noticed Sigmund
  3997 | D:4      | Killed Sigmund
  3997 | D:4      | Offered knowledge of Sting by Vehumet.
  3997 | D:4      | Reached skill level 5 in Conjurations
  3997 | D:4      | Reached skill level 1 in Air Magic
  4014 | D:4      | Learned a level 1 spell: Sting
  4217 | D:4      | Noticed Menkaure
  4280 | D:4      | Killed Menkaure
  4531 | D:4      | Found a staircase to the Ecumenical Temple.
  4613 | D:5      | Entered Level 5 of the Dungeon
  4832 | D:5      | Found a sparkling altar of Nemelex Xobeh.
  4876 | D:5      | Reached XP level 8. HP: 35/50 MP: 10/18
  4955 | D:5      | Found a basalt altar of Yredelemnul.
  5170 | D:5      | Reached skill level 6 in Conjurations
  5176 | D:5      | Offered knowledge of Dazzling Spray by Vehumet.
  5802 | D:6      | Learned a level 3 spell: Dazzling Spray
  5864 | D:6      | Acquired Vehumet's second power
  5920 | D:6      | Reached skill level 1 in Hexes
  5920 | D:6      | Reached skill level 5 in Ice Magic
  6068 | D:6      | Found a staircase to the Orcish Mines.
  6212 | D:6      | Reached XP level 9. HP: 53/55 MP: 17/21
  6218 | D:6      | Offered knowledge of Iskenderun's Battlesphere by Vehumet.
  6355 | D:6      | Noticed Blork the orc
  6363 | D:6      | Killed Blork the orc
  6470 | D:6      | Acquired Vehumet's third power
  6604 | D:6      | Offered knowledge of Stone Arrow by Vehumet.
  6604 | D:6      | Reached skill level 5 in Spellcasting
  6693 | D:6      | Reached skill level 5 in Air Magic
  6855 | D:6      | Found a bloodstained altar of Trog.
  7337 | D:7      | Reached skill level 5 in Hexes
  7728 | D:7      | Found a sparkling altar of Nemelex Xobeh.
  7846 | D:7      | Found a staircase to the Orcish Mines.
  7848 | D:7      | the staircase to the Orcish Mines was a mimic.
  8239 | D:8      | Reached skill level 7 in Ice Magic
  8285 | D:8      | Found an iron altar of Okawaru.
  8365 | D:8      | Noticed Psyche
  8524 | D:8      | Reached XP level 10. HP: 61/61 MP: 12/23
  8557 | D:8      | Noticed Edmund
  8596 | D:8      | Killed Edmund
  8952 | D:8      | Killed Psyche
  9188 | D:9      | Found a deep blue altar of Sif Muna.
  9281 | D:9      | Found Trilam's Antique Armour Emporium.
  9284 | D:9      | Bought a steaming robe for 199 gold pieces
  9284 | D:9      | Bought a pair of embroidered boots for 52 gold pieces
  9292 | D:9      | Identified the cursed +1 robe of Lugonu's Castigation {+Rage Dam+3} (You bought it in a shop on level 9 of the Dungeon)
  9324 | D:9      | Found a snail-covered altar of Cheibriados.
  9968 | D:10     | Entered Level 10 of the Dungeon
  9993 | D:10     | Reached skill level 8 in Ice Magic
 10197 | D:9      | Slain by a yak

Action                   |  1- 3 |  4- 6 |  7- 9 | 10-12 || total
-------------------------+-------+-------+-------+-------++-------
Melee: Unarmed           |     1 |       |       |       ||     1
       Dagger            |     3 |     7 |       |       ||    10
       Short sword       |       |    28 |   121 |    25 ||   174
 Cast: Magic Dart        |   102 |   184 |   100 |    22 ||   408
       Conjure Flame     |       |     6 |    37 |     8 ||    51
       Mephitic Cloud    |       |     1 |    14 |     9 ||    24
       Sting             |       |       |   252 |    87 ||   339
       Freeze            |       |       |    50 |       ||    50
 Abil: Bottle Blood      |       |     1 |    26 |     5 ||    32
Evoke: Wand              |       |       |     1 |       ||     1
  Use: Potion            |       |     2 |    21 |    10 ||    33
       Scroll            |       |       |    15 |     1 ||    16
 Stab: Sleeping          |       |     1 |       |       ||     1
       Confused          |       |       |     1 |     1 ||     2
